AoeStats
← Adamer64

Fortress

509604364Analyzed
4v4 RM · 5d ago on Sep 27, 2026· 57m 23s· 8 players
Game mode
Random Map
Map size
Huge
Population
200
Speed
Normal
Resources
Standard
Victory
Conquest
Starting age
Dark Age
Ending age
Imperial Age
RankedLock teamsTeams togetherTeam positionsShared explorationLock speedFull tech treeHidden civsTurbo modeCheats
Victory
Defeat
🇷🇺 Cumans · Russia
1005
+13
🇦🇺 Ethiopians · Australia
999
+14
🇸🇰 Bulgarians · Slovakia
971
+15
🇧🇷 Mongols · Brazil
929
+16
🇭🇰 Burgundians · Hong Kong SAR China
958
-15
🇭🇰 Turks · Hong Kong SAR China
956
-15
🇮🇳 Franks · India
952
-15
🇮🇳 Turks · India
904
-13
Cara do Tapinha
7:15 Feudal Age
11:35 Castle Age
9:59 Double-Bit Axe
10:56 Horse Collar
19:38 Gold Mining
20:45 Fletching
20:56 Padded Archer Armor
21:04 Stone Mining
23:17 Bodkin Arrow
23:38 Loom
25:06 Ballistics
25:15 Husbandry
25:26 Bloodlines
26:39 Leather Archer Armor
32:53 Imperial Age
30:59 Wheelbarrow
31:48 Bow Saw
31:51 Town Watch
33:24 Elite Mangudai
36:06 Chemistry
35:08 Bracer
35:16 Thumb Ring
35:58 Conscription
38:14 Parthian Tactics
40:25 Light Cavalry
42:19 Hussar
45:28 Caravan
52:37 Hand Cart
52:25 Town Patrol
52:41 Scale Barding Armor
52:47 Forging
Gametofit
2:34 Loom
6:39 Feudal Age
7:43 Double-Bit Axe
8:46 Horse Collar
14:41 Bloodlines
15:09 Forging
17:37 Wheelbarrow
17:11 Gold Mining
23:01 Castle Age
21:58 Scale Barding Armor
23:55 Steppe Husbandry
26:25 Iron Casting
26:31 Fletching
27:02 Chain Barding Armor
28:31 Light Cavalry
31:49 Imperial Age
29:32 Bodkin Arrow
30:05 Ballistics
29:57 Masonry
31:15 Hand Cart
30:46 Town Watch
31:32 Heavy Plow
31:33 Murder Holes
31:05 Elite Skirmisher
31:49 Capped Ram
34:56 Hussar
34:59 Cavalier
37:04 Paladin
40:10 Chemistry
42:07 Conscription
41:08 Elite Kipchak
43:51 Pikeman
45:33 Bow Saw
46:21 Halberdier
47:01 Squires
47:48 Caravan
48:02 Guilds
48:09 Town Patrol
Adamer64
3:19 Loom
8:43 Feudal Age
9:22 Double-Bit Axe
14:09 Castle Age
12:04 Gold Mining
12:04 Horse Collar
13:25 Scale Mail Armor
14:20 Forging
15:14 Bow Saw
18:00 Wheelbarrow
17:15 Gambesons
20:59 Chain Mail Armor
20:38 Arson
20:56 Squires
22:18 Fletching
22:29 Padded Archer Armor
22:51 Stone Mining
23:03 Bodkin Arrow
22:37 Elite Skirmisher
24:03 Hand Cart
24:16 Leather Archer Armor
25:08 Heavy Plow
25:04 Town Watch
26:31 Iron Casting
29:27 Imperial Age
26:55 Pikeman
30:17 Gold Shaft Mining
30:33 Conscription
30:33 Bagains
30:51 Bracer
32:33 Plate Mail Armor
34:51 Scale Barding Armor
36:14 Ballistics
36:23 Chain Barding Armor
36:46 Stirrups
37:56 Chemistry
38:13 Blast Furnace
38:04 Plate Barding Armor
37:45 Husbandry
38:02 Bloodlines
44:33 Elite Konnik
47:37 Crop Rotation
47:27 Halberdier
Matcha
7:17 Feudal Age
8:32 Loom
11:33 Castle Age
10:58 Fletching
11:08 Padded Archer Armor
11:46 Wheelbarrow
11:18 Double-Bit Axe
12:14 Crossbowman
22:11 Leather Archer Armor
30:00 Thumb Ring
31:55 Bow Saw
32:17 Bodkin Arrow
36:45 Imperial Age
36:08 Forging
35:58 Scale Mail Armor
39:07 Bracer
39:37 Ring Archer Armor
40:27 Torsion Engines
40:47 Conscription
40:02 Arbalester
43:15 Murder Holes
43:31 Fortified Wall
43:57 Ballistics
44:38 Chemistry
43:50 Capped Ram
44:37 Arson
44:53 Squires
45:13 Heavy Camel Rider
46:31 Horse Collar
47:57 Siege Ram
50:04 Two-Man Saw
49:57 Heavy Plow
50:47 Halberdier
52:42 Iron Casting
52:22 Chain Mail Armor
54:14 Blast Furnace
53:23 Husbandry
myhoneyee
6:35 Feudal Age
13:55 Castle Age
13:46 Double-Bit Axe
15:13 Bow Saw
17:35 Horse Collar
19:16 Two-Man Saw
19:13 Wheelbarrow
22:03 Heavy Plow
27:23 Imperial Age
26:39 Pikeman
29:13 Stone Mining
29:23 Gold Mining
29:02 Cavalier
33:54 Paladin
39:45 Elite Skirmisher
44:25 Fletching
44:35 Padded Archer Armor
45:01 Conscription
45:21 Ballistics
46:03 Chemistry
45:47 Bodkin Arrow
46:07 Leather Archer Armor
46:40 Scale Barding Armor
46:35 Bracer
48:36 Chain Barding Armor
50:07 Husbandry
ExxTACSY
0:46 Loom
8:26 Feudal Age
12:30 Castle Age
10:23 Double-Bit Axe
11:24 Gold Mining
14:09 Wheelbarrow
13:39 Husbandry
20:12 Scale Barding Armor
20:47 Forging
22:48 Bow Saw
41:49 Squires
41:35 Arson
42:02 Pikeman
43:57 Gambesons
52:41 Imperial Age
52:46 Halberdier
55:23 Chemistry
Ninja-Rio
7:49 Feudal Age
9:35 Loom
11:55 Castle Age
11:47 Double-Bit Axe
20:26 Imperial Age
22:02 Crossbowman
24:51 Fletching
25:01 Padded Archer Armor
32:37 Leather Archer Armor
35:17 Bodkin Arrow
38:03 Squires
46:09 Forging
45:59 Scale Mail Armor
47:48 Bloodlines
49:55 Husbandry
49:24 Heavy Camel Rider
mytristan1122
6:41 Feudal Age
11:57 Castle Age
11:19 Double-Bit Axe
12:13 Horse Collar
18:15 Bow Saw
22:13 Heavy Plow
25:10 Gold Mining
28:53 Imperial Age
29:12 Forging
29:02 Scale Mail Armor
29:41 Wheelbarrow
29:49 Bloodlines
31:57 Heavy Scorpion
35:47 Scale Barding Armor
37:07 Town Watch
39:23 Sipahi
40:11 Husbandry
40:36 Chain Barding Armor
40:32 Chain Mail Armor
40:56 Gold Shaft Mining
40:12 Stone Mining
40:51 Conscription
41:45 Artillery
42:19 Hand Cart
42:10 Cavalier
48:43 Stone Mining
49:56 Ballistics
50:54 Fortified Wall
51:38 Caravan
52:37 Bombard Tower
Connection lost

Rejoining the realm…

Still unreachable

The connection could not be restored.

Session expired

The server has moved on; the page needs a fresh start.